 Dungeon Crawl Stone Soup version 0.31-a0-435-g2c6fae2916 (webtiles) character file.

Game seed: 12915058268557181856

212 lunkers the Insei (level 6, -1/47 HPs)
             Began as a Meteoran Shapeshifter on Aug 1, 2023.
             Slain by a kobold
             ... wielding a +0 club
              (3 damage)
             ... on level 4 of the Dungeon.
             The game lasted 00:05:39 (1363 turns).

lunkers the Insei (Meteoran Shapeshifter)           Turns: 1363, Time: 00:05:40

Health: -1/47      AC:  5    Str: 17    XL:     6   Next: 37%
Magic:  7/7        EV: 11    Int:  9    God:
Gold:   1144       SH:  0    Dex: 17    Spells: 5/5 levels left

rFire   . .          .
                       - Unarmed
rCold   . . .        (no shield)
rNeg    . . .        d - +0 ring mail
rPois   .            (helmet currently unavailable)
rElec   .            (cloak currently unavailable)
rCorr   .            (gloves currently unavailable)
SInv    .            (boots currently unavailable)
Will    .....        (no amulet)
Stlth   +            (no ring)
HPRegen 0.27/turn    (no ring)
MPRegen 0.10/turn

%: no passive effects
@: beast-form, glowing
A: beast (slay +3), sense surroundings 1, otherworldly, glowing, explore regen
a: Begin Untransformation


You were on level 4 of the Dungeon.
You were a hulking beast.
You visited 1 branch of the dungeon, and saw 4 of its levels.

You collected 1144 gold pieces.

Inventory:

Armour
 b - a +0 ring mail
 d - a +0 ring mail (worn)
 h - a +0 pair of boots
Talismans
 c - a beast talisman (active)
Wands
 a - a wand of roots (9)
Scrolls
 f - a scroll of teleportation
 l - a scroll of vulnerability {unknown}
Potions
 e - a potion of brilliance {unknown}
 g - a potion of invisibility {unknown}
 i - a potion of curing {unknown}
 j - a potion of magic {unknown}
 k - a potion of heal wounds {unknown}
 m - a potion of haste {unknown}


   Skills:
 - Level 1.1 Fighting
 - Level 2.4 Dodging
 * Level 6.6 Unarmed Combat
 + Level 4.9 Shapeshifting


You had 5 spell levels left.
You didn't know any spells.
Your spell library contained the following spells:

 Spells                   Type           Power      Damage    Failure   Level
 Inner Flame              Hex/Fire       0%         N/A       92%         3
 Flame Wave               Conj/Fire      0%         2d4       100%        4
 Sticky Flame             Conj/Fire      0%         2d3       100%        4
 Simulacrum               Ice/Necr       0%         N/A       100%        6
 Ozocubu's Refrigeration  Ice            0%         4d7       100%        7
 Polar Vortex             Ice            0%         N/A       100%        9


Dungeon Overview and Level Annotations

Branches:
Dungeon (4/15) Zot: 1054
 Temple: D:4-7

Altars:


Innate Abilities, Weirdness & Mutations

You are a hulking beast.
Your limbs bulge with bestial killing power. (Slay +3)
You passively map a small area around you.
You are easily found by Zot.
You glow in the dark.
You regain HP and MP as you explore.


Message History

* * * LOW HITPOINT WARNING * * *
The orc hits you with a +0 whip.
* * * LOW HITPOINT WARNING * * *
You hit the orc but do no damage.
The orc is almost dead.
The kobold hits you with a +0 club.
* * * LOW HITPOINT WARNING * * *
The orc misses you. The orc barely misses you.
Unknown command.
You punch the orc!
You kill the orc!
The kobold hits you with a +0 club.
* * * LOW HITPOINT WARNING * * *
The orc hits you with a +0 whip.
* * * LOW HITPOINT WARNING * * *
You punch the orc!
You kill the orc!
The kobold hits you but does no damage. The orc misses you.
The orc barely misses you.
Unknown command.
You hit the orc.
The orc is heavily wounded.
The kobold closely misses you. The orc hits you with a +0 club.
* * * LOW HITPOINT WARNING * * *
The orc hits you but does no damage.
Unknown command.
You punch the orc!
You kill the orc!
The kobold closely misses you. The orc hits you but does no damage.
Unknown command.
Unknown command.
You hit the orc.
The orc is severely wounded.
The kobold barely misses you. The orc hits you with a +0 dagger.
* * * LOW HITPOINT WARNING * * *
Unknown command.
You hit the orc.
You kill the orc!
The kobold hits you with a +0 club.
You die...

#.... # ., , ..#.#
**... * ##
,.....####.. , .# *
........... , ##
,.........., .##
,>..........# , ,
..# ........... , ,
..## .........)K#
#).# ..........)h#
* *
#..##..........).##
##..#.............#
#.....#...........#
...#### #........##
...######....#).##
..)....##.......#
................#
........#......##


You could see a kobold.

Vanquished Creatures
  Blork the orc (D:4)
  Ijyb (D:3)
  6 adders
  A white imp (D:4)
  A dart slug (D:1)
  5 orcs (D:4)
  4 ball pythons
  2 endoplasms
  4 giant cockroaches
  4 goblins
  5 hobgoblins
  4 jackals (D:3)
  A quokka (D:4)
  A bat (D:2)
  A frilled lizard (D:3)
  10 kobolds
  5 rats
56 creatures vanquished.

Notes
Turn   | Place    | Note
-------+----------+-------------------------------------------
     0 | D:1      | lunkers the Meteoran Shapeshifter began the quest for the
                  | Orb.
     0 | D:1      | Reached XP level 1. HP: 16/16 MP: 2/2
    33 | D:1      | Reached XP level 2. HP: 23/23 MP: 3/3
    64 | D:1      | Reached skill level 4 in Unarmed Combat
   208 | D:2      | Reached XP level 3. HP: 22/28 MP: 4/4
   508 | D:2      | Reached skill level 5 in Unarmed Combat
   508 | D:2      | Reached XP level 4. HP: 24/35 MP: 5/5
   808 | D:3      | Noticed Ijyb
   823 | D:3      | Killed Ijyb
   824 | D:3      | Reached XP level 5. HP: 9/40 MP: 6/6
   887 | D:3      | Found a faded altar of an unknown god.
  1212 | D:4      | Identified a scroll of acquirement
  1212 | D:4      | Acquired 1052 gold pieces
  1253 | D:4      | Reached skill level 6 in Unarmed Combat
  1304 | D:4      | Noticed Blork the orc
  1315 | D:4      | Killed Blork the orc
  1316 | D:4      | Reached XP level 6. HP: 8/47 MP: 7/7
  1362 | D:4      | HP: 2/47 [orc/+0 dagger (2)]
  1363 | D:4      | Slain by a kobold

Illustrated notes

Levels and vault maps discovered:
D:1:      dpeg_arrival_stonehenge_8_columns, layout_loops_corners,
          minmay_tripent
D:2:      layout_basic, minmay_tiny_reverse_x
D:3:      layout_loops_ring, bloody_makhleb, ebering_ecumenical_altar_petrified,
          serial_shops, nicolae_shop_tiny_statue_garden, grunt_decor_resistance,
          uniq_ijyb
D:4:      layout_cave_pools, kennysheep_generic_room_5, uniq_menkaure,
          uniq_blork_the_orc

Skill      XL: |  1  2  3  4  5 |
---------------+----------------+-----
Unarmed Combat | 4 5 6 |  6.6
Shapeshifting  | 4 |  4.9
Fighting       | |  1.1
Dodging        | |  2.4

Action                     |  1- 3 |  4- 6 || total
---------------------------+-------+-------++-------
  Melee: Unarmed           |    64 |   113 ||   177
         Punch             |     1 |     4 ||     5
    Use: Scroll            |       |     4 ||     4
         Potion            |       |     1 ||     1
 Armour: Animal skin       |    13 |     2 ||    15
         Ring mail         |       |    42 ||    42
         Skin              |       |     5 ||     5
  Dodge: Dodged            |    29 |    35 ||    64

Table legend: (Time is in decaauts)
 A = Elapsed time spent in this place.
 B = Non-inter-level travel time spent in this place.
 C = Inter-level travel time spent in this place.
 D = Time resting spent in this place.
 E = Time spent auto-exploring this place.
 F = Levels seen in this place.
 G = Mean time per level.
                   A        B        C        D        E       F      G
               +--------+--------+--------+--------+--------+-----+--------+
         Total |   1344 |   1290 |     54 |     29 |    790 |   4 |  336.0 |
       Dungeon |   1344 |   1290 |     54 |     29 |    790 |   4 |  336.0 |
               +--------+--------+--------+--------+--------+-----+--------+

Top non-repeatable levels by time:
     D:2: 585 daAuts
     D:3: 413 daAuts
     D:1: 198 daAuts
     D:4: 146 daAuts
